 Dungeon Crawl Stone Soup version 0.31-a0-1227-g0136665373 (webtiles) character file.

Game seed: 14133094175299396012

79 avis the Trooper (level 4, 0/44 HPs)
             Began as a Hill Orc Monk on Dec 14, 2023.
             Slain by Sigmund
             ... wielding a +0 scythe
              (2 damage)
             ... on level 3 of the Dungeon.
             The game lasted 00:08:01 (2002 turns).

avis the Trooper (Hill Orc Monk)                    Turns: 2002, Time: 00:08:02

Health: 0/44       AC: 10    Str: 15    XL:     4   Next: 37%
Magic:  4/4        EV:  4    Int: 10    God:
Gold:   92         SH:  0    Dex: 13    Spells: 3/3 levels left

rFire   . .          .
                       - Unarmed
rCold   . . .        c - orb {light}
rNeg    . . .        j - +0 plate armour
rPois   .            (no helmet)
rElec   .            (no cloak)
rCorr   .            (no gloves)
SInv    .            (no boots)
Will    .....        n - amulet of reflection Stlth
                     (no ring)
HPRegen 0.27/turn    (no ring)
MPRegen 0.09/turn

%: reflection
@: confused, glowing
A: no striking features
a: no special abilities


You were on level 3 of the Dungeon.
You visited 1 branch of the dungeon, and saw 3 of its levels.

You collected 92 gold pieces.

Inventory:

Missiles
 o - 6 poisoned darts
Armour
 a - a +0 robe
 c - an orb of light (worn)
 j - a +0 plate armour (worn)
 m - a +0 plate armour
Jewellery
 n - an amulet of reflection (around neck)
Scrolls
 d - a scroll of torment {unknown}
 e - a scroll of noise {unknown}
 f - a scroll of revelation {unknown}
 g - a scroll of identify {unknown}
 h - a scroll of teleportation {unknown}
 l - a scroll of blinking {unknown}
 p - a scroll of fog {unknown}
 r - a scroll of poison {unknown}
Potions
 i - 3 potions of heal wounds {unknown}
 k - a potion of lignification {unknown}
 q - a potion of curing {unknown}
 s - a potion of resistance {unknown}


   Skills:
 * Level 5.8 Fighting
 - Level 2.4 Dodging
 + Level 3.6 Unarmed Combat


You had 3 spell levels left.
You didn't know any spells.
Your spell library contained the following spells:

 Spells                   Type           Power      Damage    Failure   Level
 Apportation              Tloc           0%         N/A       100%        1
 Necrotise                Necr           0%         1d4       100%        1
 Summon Small Mammal      Summ           0%         N/A       100%        1
 Blink                    Tloc           0%         N/A       100%        2
 Leda's Liquefaction      Hex/Erth       0%         N/A       100%        4
 Manifold Assault         Tloc           0%         N/A       100%        4
 Lee's Rapid Deconstruct  Erth           0%         3d4*      100%        5
 Bombard                  Conj/Erth      0%         9d1       100%        6


Dungeon Overview and Level Annotations

Branches:
Dungeon (3/15)

Altars:

Annotations:
D:3 Sigmund


Message History

The orc wizard gestures at you while chanting.
You are confused.
You bump into the rock wall.
You bump into the rock wall.
The orc wizard barely misses you.
You hit the orc wizard.
The orc wizard is almost dead.
The orc wizard closely misses you.
The giant cockroach bites you but does no damage.
The orc wizard attacks as it pursues you!
The orc wizard hits you with the +6 short sword "Wulywox" {protect, rN+ rCorr Str+2}.
The giant cockroach attacks as it pursues you!
The giant cockroach bites you but does no damage.
Sigmund gestures at you while chanting.
You are more confused.
The giant cockroach attacks as it pursues you!
The giant cockroach bites you.
The orc wizard hits you with the +6 short sword "Wulywox" {protect, rN+ rCorr Str+2}.
You're too confused to move!
The giant cockroach bites you but does no damage.
Sigmund barely misses you.
The orc wizard hits you with the +6 short sword "Wulywox" {protect, rN+ rCorr Str+2}.
The orc wizard casts a spell at you. The puff of flame hits you.
* * * LOW HITPOINT WARNING * * *
The giant cockroach bites you.
* * * LOW HITPOINT WARNING * * *
The orc wizard casts a spell at you.
The magic dart hits you but does no damage.
The giant cockroach bites you.
* * * LOW HITPOINT WARNING * * *
Sigmund gestures at you while chanting. The magic dart hits you.
* * * LOW HITPOINT WARNING * * *
The giant cockroach bites you but does no damage.
The orc wizard attacks as it pursues you!
The orc wizard hits you with the +6 short sword "Wulywox" {protect, rN+ rCorr Str+2}!
* * * LOW HITPOINT WARNING * * *
Sigmund hits you from afar with a +0 scythe.
You die...
Sigmund begins carving another notch in his scythe.

#..# #.# #...#<#
##.##.# #.##.#
#.##.. # ##.####
#.##..$##
##.#.....## #
#......@..##.#..
#.#....oB....... .
#......@..####.....
####...oB#####.....
##.....).Bo.....
############.##


You could see Sigmund (invisible), an orc wizard, an orc and 2 giant
cockroaches.

Vanquished Creatures
  An adder (D:3)
  3 worms (D:2)
  A dart slug (D:1)
  2 orcs (D:3)
  5 endoplasms
  4 giant cockroaches
  5 goblins
  4 hobgoblins
  3 jackals (D:3)
  7 kobolds
  2 quokkas (D:1)
  2 ball pythons
  7 bats
  2 frilled lizards
  3 rats (D:2)
51 creatures vanquished.

Notes
Turn   | Place    | Note
-------+----------+-------------------------------------------
     0 | D:1      | avis the Hill Orc Monk began the quest for the Orb.
     0 | D:1      | Reached XP level 1. HP: 19/19 MP: 1/1
    78 | D:1      | Reached skill level 4 in Fighting
   126 | D:1      | Reached XP level 2. HP: 22/27 MP: 2/2
   597 | D:2      | Reached skill level 5 in Fighting
   597 | D:2      | Reached XP level 3. HP: 33/36 MP: 3/3
  1654 | D:3      | Reached XP level 4. HP: 35/44 MP: 4/4
  1935 | D:3      | Identified the +6 short sword "Wulywox" {protect, rN+ rCorr
                  | Str+2}
  1939 | D:3      | Noticed Sigmund
  2002 | D:3      | HP: 2/44 [orc wizard/the +6 short sword "Wulywox" {protect,
                  | rN+ rCorr Str+2} (7)]
  2002 | D:3      | Slain by Sigmund

Illustrated notes

Levels and vault maps discovered:
D:1:      minmay_arrival_checkered_box, layout_rooms, patterned_corridor
D:2:      layout_basic, nicolae_wormholes
D:3:      layout_loops_ring, nicolae_overflow_hidden_temple, uniq_sigmund,
          uniq_crazy_yiuf_cottage

Skill      XL: |  1  2 |
---------------+-------+-----
Fighting       | 4 5 |  5.8
Dodging        | |  2.4
Unarmed Combat | |  3.6

Action                     |  1- 3 |  4- 6 || total
---------------------------+-------+-------++-------
  Melee: Unarmed           |   143 |    55 ||   198
    Use: Potion            |       |     1 ||     1
 Armour: Robe              |    26 |       ||    26
         Plate armour      |    56 |    88 ||   144
  Dodge: Dodged            |    34 |    20 ||    54

Table legend: (Time is in decaauts)
 A = Elapsed time spent in this place.
 B = Non-inter-level travel time spent in this place.
 C = Inter-level travel time spent in this place.
 D = Time resting spent in this place.
 E = Time spent auto-exploring this place.
 F = Levels seen in this place.
 G = Mean time per level.
                   A        B        C        D        E       F      G
               +--------+--------+--------+--------+--------+-----+--------+
         Total |   1989 |   1844 |    145 |    300 |    935 |   3 |  663.0 |
       Dungeon |   1989 |   1844 |    145 |    300 |    935 |   3 |  663.0 |
               +--------+--------+--------+--------+--------+-----+--------+

Top non-repeatable levels by time:
     D:2: 881 daAuts
     D:1: 729 daAuts
     D:3: 379 daAuts
